3L
KINGSTON TOWNSHIP LEGION @ LAS VEGAS FLAMINGOS
08/25/2029
 
TOP OF THE 1ST
Kingston Township Legion batting - Pitching for Las Vegas Flamingos : RHP Toddster Gordo
Pitching: RHP Toddster Gordo
Batting: RHB Elia Amberezzio 0-0: Ball
1-0: Ball
2-0: Swinging Strike
2-1: Ball
3-1: Base on Balls
Batting: RHB Dani Trejo 0-0: Ball
Elia Amberezzio steals 2nd base
1-0: Called Strike
1-1: Foul Ball, location: 2F
1-2: Foul Ball, location: 2F
1-2: Ball
2-2: Fly out, F7 (Flyball, 78D)
Batting: RHB EP Weston 0-0: Ball
1-0: Foul Ball, location: 2F
1-1: Foul Ball, location: 2F
1-2: Ball
2-2: Ball
3-2: Base on Balls
Batting: RHB Clarence Neal 0-0: Called Strike
0-1: Ball
Wild Pitch!
Elia Amberezzio to third
EP Weston to second
1-1: Foul Ball, location: 2F
1-2: SINGLE (Line Drive, 6M)
Elia Amberezzio scores
EP Weston to third
Batting: RHB Jim Scott 0-0: Foul Ball, location: 2F
0-1: Called Strike
0-2: Ball
1-2: Ball
2-2: Strikes out swinging
Batting: LHB Ruben Yim 0-0: Foul Ball, location: 2F
0-1: Ball
1-1: Ball
2-1: Foul Ball, location: 2F
2-2: Strikes out swinging
Top of the 1st over - 1 run, 1 hit, 0 errors, 2 left on base; Kingston Township 1 - Las Vegas 0
BOTTOM OF THE 1ST
Las Vegas Flamingos batting - Pitching for Kingston Township Legion : LHP Shigemasa Horiuchi
Pitching: LHP Shigemasa Horiuchi
Batting: RHB Sake van Arem 0-0: Ball
1-0: Foul Ball, location: 2F
1-1: Foul Ball, location: 2F
1-2: Foul Ball, location: 2F
1-2: Foul Ball, location: 2F
1-2: Ball
2-2: SINGLE (Groundball, 6MD)
Batting: LHB Victor Adams 0-0: Foul Ball, location: 2F
0-1: Ball
1-1: SINGLE (Groundball, 34D)
Sake van Arem to second
Runner from 2nd tries for 3rd, SAFE, no throw
Batting: SHB Wilbert Carter 0-0: Called Strike
0-1: TRIPLE (Line Drive, 9D)
Sake van Arem scores
Victor Adams scores
Batting: LHB Ruud van Ineveld 0-0: Called Strike
0-1: Ground out 4-3 (Groundball, 4)
Wilbert Carter scores
Batting: RHB Jeff Young 0-0: Ball
1-0: Ball
2-0: Ball
3-0: Base on Balls
Batting: RHB Sergio Ortíz 0-0: Ball
1-0: Called Strike
1-1: Ball
2-1: Foul Ball, location: 2F
2-2: Ball
3-2: Base on Balls
Jeff Young to second
Batting: RHB Xavier Hernández 0-0: Called Strike
0-1: Swinging Strike
0-2: Foul Ball, location: 2F
0-2: Ball
1-2: Foul Ball, location: 2F
1-2: Foul Ball, location: 2F
1-2: Foul Ball, location: 2F
1-2: SINGLE (Groundball, 56D)
Jeff Young to third
Sergio Ortíz to second
Batting: LHB José Alonso 0-0: SINGLE (Flyball, 89M)
Jeff Young scores
Sergio Ortíz to third
Xavier Hernández to second
Runner from 3rd tries for Home, SAFE, no throw
Batting: RHB Arsenio Laurel 0-0: Ball
1-0: Called Strike
1-1: Fly out, F7 (Flyball, 78S)
Batting: RHB Sake van Arem 0-0: SINGLE (Line Drive, 7LS)
Xavier Hernández to third
José Alonso to second
Runner from 3rd tries for Home, SAFE, no throw
Batting: LHB Victor Adams 0-0: SINGLE (Groundball, 4MD)
José Alonso to third
Sake van Arem to second
Runner from 3rd tries for Home, SAFE, throw made home
Batting: SHB Wilbert Carter 0-0: Ball
1-0: Ball
2-0: Swinging Strike
2-1: Swinging Strike
2-2: Fielders Choice at 2nd, 5-4 (Groundball, 56)
Bottom of the 1st over - 7 runs, 7 hits, 0 errors, 2 left on base; Kingston Township 1 - Las Vegas 7
TOP OF THE 2ND
Kingston Township Legion batting - Pitching for Las Vegas Flamingos : RHP Toddster Gordo
Batting: RHB José Icaza 0-0: Ball
1-0: Fly out, F8 (Flyball, 8LD)
Batting: RHB Júlio Rodríguez 0-0: Ball
1-0: Foul Ball, location: 2F
1-1: Foul Ball, location: 2F
1-2: Ball
2-2: Ball
3-2: Foul Ball, location: 2F
3-2: Base on Balls
Batting: LHB Mike Gardner 0-0: Grounds into double play, 6-4-3 (Groundball, 6)
Top of the 2nd over - 0 runs, 0 hits, 0 errors, 0 left on base; Kingston Township 1 - Las Vegas 7
BOTTOM OF THE 2ND
Las Vegas Flamingos batting - Pitching for Kingston Township Legion : LHP Shigemasa Horiuchi
Batting: LHB Ruud van Ineveld 0-0: Called Strike
0-1: Foul Ball, location: 2F
0-2: Ball
1-2: Strikes out looking
Batting: RHB Jeff Young 0-0: Swinging Strike
0-1: Ground out 4-3 (Groundball, 4)
Batting: RHB Sergio Ortíz 0-0: Foul Ball, location: 2F
0-1: SINGLE (Flyball, 9S)
Batting: RHB Xavier Hernández 0-0: Called Strike
0-1: Ball
1-1: Called Strike
1-2: Ball
2-2: Reached on error, E4 (Groundball, 34)
Sergio Ortíz to second
Batting: LHB José Alonso 0-0: Ball
1-0: Called Strike
1-1: Foul Ball, location: 2F
1-2: Foul Ball, location: 2F
1-2: Ball
2-2: Ball
3-2: Foul Ball, location: 2F
3-2: Fly out, F4 (Line Drive, 4)
Bottom of the 2nd over - 0 runs, 1 hit, 1 error, 2 left on base; Kingston Township 1 - Las Vegas 7
TOP OF THE 3RD
Kingston Township Legion batting - Pitching for Las Vegas Flamingos : RHP Toddster Gordo
Batting: RHB Elia Amberezzio 0-0: Called Strike
0-1: Ground out 4-3 (Groundball, 4)
Batting: RHB Dani Trejo 0-0: SINGLE (Groundball, 6MD)
Batting: RHB EP Weston 0-0: Ball
1-0: Called Strike
Dani Trejo is caught stealing 2nd base
1-1: Foul Ball, location: 2F
1-2: Ball
2-2: Ball
3-2: SINGLE (Groundball, 56D)
Batting: RHB Clarence Neal 0-0: Called Strike
0-1: Ball
1-1: Foul Ball, location: 2F
1-2: Ball
2-2: Ball
3-2: SINGLE (Line Drive, 34)
EP Weston to second
EP Weston to third
Batting: RHB Jim Scott 0-0: Called Strike
0-1: Swinging Strike
0-2: Ball
1-2: Foul Ball, location: 2F
1-2: Strikes out swinging
Top of the 3rd over - 0 runs, 3 hits, 0 errors, 2 left on base; Kingston Township 1 - Las Vegas 7
BOTTOM OF THE 3RD
Las Vegas Flamingos batting - Pitching for Kingston Township Legion : LHP Shigemasa Horiuchi
Batting: RHB Arsenio Laurel 0-0: Ground out 5-3 (Groundball, 56S)
Batting: RHB Sake van Arem 0-0: Called Strike
0-1: Swinging Strike
0-2: Ball
1-2: Foul Ball, location: 2F
1-2: Ground out 4-3 (Groundball, 4)
Batting: LHB Victor Adams 0-0: Foul Ball, location: 2F
0-1: Ball
1-1: Fly out, F5 (Popup, 5SF)
Bottom of the 3rd over - 0 runs, 0 hits, 0 errors, 0 left on base; Kingston Township 1 - Las Vegas 7
TOP OF THE 4TH
Kingston Township Legion batting - Pitching for Las Vegas Flamingos : RHP Toddster Gordo
Batting: LHB Ruben Yim 0-0: Ball
1-0: Ball
2-0: Ball
3-0: Called Strike
3-1: Fly out, F7 (Flyball, 7LS)
Batting: RHB José Icaza 0-0: Called Strike
0-1: Called Strike
0-2: Ball
1-2: Ball
2-2: Foul Ball, location: 2F
2-2: SINGLE (Groundball, 56D)
Batting: RHB Júlio Rodríguez Error on foul ball, E5
0-1: Called Strike
0-2: Fly out, F7 (Line Drive, 7)
Batting: LHB Mike Gardner 0-0: Called Strike
0-1: Fly out, F7 (Flyball, 78M)
Top of the 4th over - 0 runs, 1 hit, 1 error, 1 left on base; Kingston Township 1 - Las Vegas 7
BOTTOM OF THE 4TH
Las Vegas Flamingos batting - Pitching for Kingston Township Legion : LHP Shigemasa Horiuchi
Batting: SHB Wilbert Carter 0-0: Foul Ball, location: 2F
0-1: Foul Ball, location: 2F
0-2: Foul Ball, location: 2F
0-2: Foul Ball, location: 2F
0-2: Ball
1-2: Ground out 6-3 (Groundball, 6)
Batting: LHB Ruud van Ineveld 0-0: Called Strike
0-1: Foul Ball, location: 2F
0-2: Ball
1-2: Ground out 4-3 (Groundball, 4M)
Batting: RHB Jeff Young 0-0: Called Strike
0-1: SINGLE (Groundball, 4MD)
Batting: RHB Sergio Ortíz 0-0: Called Strike
0-1: Ball
1-1: Ball
2-1: Ground out U3 (Groundball, 34S)
Bottom of the 4th over - 0 runs, 1 hit, 0 errors, 1 left on base; Kingston Township 1 - Las Vegas 7
TOP OF THE 5TH
Kingston Township Legion batting - Pitching for Las Vegas Flamingos : RHP Toddster Gordo
Batting: RHB Elia Amberezzio 0-0: Foul Ball, location: 2F
0-1: Called Strike
0-2: Strikes out looking
Batting: RHB Dani Trejo 0-0: Called Strike
0-1: Ball
1-1: Foul Ball, location: 2F
1-2: Fly out, F7 (Flyball, 7S)
Batting: RHB EP Weston 0-0: Ball
1-0: Foul Ball, location: 2F
1-1: Swinging Strike
1-2: Hit by Pitch
Batting: RHB Clarence Neal 0-0: Fly out, F5 (Line Drive, 56S)
Top of the 5th over - 0 runs, 0 hits, 0 errors, 1 left on base; Kingston Township 1 - Las Vegas 7
BOTTOM OF THE 5TH
Las Vegas Flamingos batting - Pitching for Kingston Township Legion : LHP Shigemasa Horiuchi
Batting: RHB Xavier Hernández 0-0: Ball
1-0: Called Strike
1-1: Swinging Strike
1-2: Ball
2-2: Ball
3-2: Base on Balls
Pitching: LHP Roger Shaw
Batting: LHB José Alonso 0-0: Ball
1-0: Fly out, F8 (Flyball, 89M)
Batting: RHB Arsenio Laurel 0-0: Called Strike
0-1: Fly out, F6 (Flyball, 56D)
Batting: RHB Sake van Arem 0-0: Ball
1-0: Foul Ball, location: 2F
1-1: Foul Ball, location: 2F
1-2: TRIPLE (Line Drive, 8LXD)
Xavier Hernández scores
Batting: LHB Victor Adams 0-0: Fly out, F9 (Flyball, 89D)
Bottom of the 5th over - 1 run, 1 hit, 0 errors, 1 left on base; Kingston Township 1 - Las Vegas 8
TOP OF THE 6TH
Kingston Township Legion batting - Pitching for Las Vegas Flamingos : RHP Toddster Gordo
Batting: RHB Jim Scott 0-0: Ball
1-0: Swinging Strike
1-1: Called Strike
1-2: Strikes out swinging
Batting: LHB Ruben Yim 0-0: Called Strike
0-1: Called Strike
0-2: Strikes out looking
Batting: RHB José Icaza 0-0: Foul Ball, location: 2F
0-1: Ball
1-1: Foul Ball, location: 2F
1-2: Ground out 5-3 (Groundball, 56)
Top of the 6th over - 0 runs, 0 hits, 0 errors, 0 left on base; Kingston Township 1 - Las Vegas 8
BOTTOM OF THE 6TH
Las Vegas Flamingos batting - Pitching for Kingston Township Legion : LHP Roger Shaw
Batting: SHB Wilbert Carter 0-0: Called Strike
0-1: Ball
1-1: Ball
2-1: Ball
3-1: Swinging Strike
3-2: Base on Balls
Batting: LHB Ruud van Ineveld 0-0: Called Strike
0-1: Fielders Choice at 2nd, 3-6 (Groundball, 3)
Batting: RHB Jeff Young 0-0: Called Strike
0-1: Called Strike
0-2: Ball
1-2: Strikes out swinging
Batting: RHB Sergio Ortíz 0-0: Fly out, F8 (Flyball, 8LD)
Bottom of the 6th over - 0 runs, 0 hits, 0 errors, 1 left on base; Kingston Township 1 - Las Vegas 8
TOP OF THE 7TH
Kingston Township Legion batting - Pitching for Las Vegas Flamingos : RHP Toddster Gordo
Pitching: RHP Yin-fat Foong
Batting: RHB Júlio Rodríguez 0-0: Called Strike
0-1: Ball
1-1: Ball
2-1: Foul Ball, location: 2F
2-2: Ground out U3 (Groundball, 3S)
Batting: LHB Mike Gardner 0-0: Called Strike
0-1: Ball
1-1: Foul Ball, location: 2F
1-2: Strikes out swinging
Batting: RHB Elia Amberezzio 0-0: Foul Ball, location: 2F
0-1: Called Strike
0-2: Reached on error, E1 (Groundball, 13S)
Batting: RHB Dani Trejo 0-0: Ball
1-0: Ball
2-0: Called Strike
2-1: Called Strike
2-2: SINGLE (Line Drive, 8LS)
Elia Amberezzio to second
Elia Amberezzio to third
Batting: RHB EP Weston 0-0: Ball
1-0: Swinging Strike
1-1: Foul Ball, location: 2F
1-2: Foul Ball, location: 2F
1-2: Ground out 6-3 (Groundball, 6M)
Top of the 7th over - 0 runs, 1 hit, 1 error, 2 left on base; Kingston Township 1 - Las Vegas 8
BOTTOM OF THE 7TH
Las Vegas Flamingos batting - Pitching for Kingston Township Legion : LHP Roger Shaw
Batting: RHB Xavier Hernández 0-0: Ball
1-0: Ball
2-0: Ball
3-0: Base on Balls
Batting: LHB José Alonso 0-0: Called Strike
0-1: Ground out U3 (Groundball, 34S)
Xavier Hernández to second
Batting: RHB Arsenio Laurel 0-0: Ball
1-0: Called Strike
1-1: Ball
2-1: Ball
3-1: Base on Balls
Batting: RHB Sake van Arem 0-0: Called Strike
0-1: Ball
1-1: DOUBLE (Groundball, 5L)
Xavier Hernández scores
Arsenio Laurel to third
Batting: LHB Victor Adams 0-0: Called Strike
0-1: Swinging Strike
0-2: Strikes out swinging
Batting: SHB Wilbert Carter 0-0: Foul Ball, location: 2F
0-1: Ball
1-1: Ball
2-1: Foul Ball, location: 2F
2-2: Reached on error, E4 (Groundball, 4)
Arsenio Laurel scores
Sake van Arem to third
Batting: LHB Ruud van Ineveld 0-0: Ball
1-0: SINGLE (Groundball, 34D)
Sake van Arem scores
Wilbert Carter to second
Runner from 2nd tries for 3rd, SAFE, no throw
Batting: RHB Jeff Young 0-0: Ball
1-0: Ball
2-0: Ball
3-0: Base on Balls
Ruud van Ineveld to second
Batting: RHB Sergio Ortíz 0-0: Called Strike
0-1: Ball
1-1: Foul Ball, location: 2F
1-2: Strikes out swinging
Bottom of the 7th over - 3 runs, 2 hits, 1 error, 3 left on base; Kingston Township 1 - Las Vegas 11
TOP OF THE 8TH
Kingston Township Legion batting - Pitching for Las Vegas Flamingos : RHP Yin-fat Foong
Batting: RHB Clarence Neal 0-0: Fly out, F8 (Flyball, 8LD)
Pitching: LHP Pedro Ortíz
Batting: RHB Jim Scott 0-0: Called Strike
0-1: Fly out, F5 (Popup, 5SF)
Batting: LHB Ruben Yim 0-0: Ground out 6-3 (Groundball, 6)
Top of the 8th over - 0 runs, 0 hits, 0 errors, 0 left on base; Kingston Township 1 - Las Vegas 11
BOTTOM OF THE 8TH
Las Vegas Flamingos batting - Pitching for Kingston Township Legion : LHP Roger Shaw
Batting: RHB Xavier Hernández 0-0: Ball
1-0: Foul Ball, location: 2F
1-1: Ball
2-1: TRIPLE (Flyball, 8LXD)
Pitching: RHP Taro Ohayashi
Batting: LHB José Alonso 0-0: Ball
1-0: Ball
2-0: Fly out, F7 (Flyball, 78M)
Runner from 3rd tags up, SCORES, throw made
Batting: RHB Arsenio Laurel 0-0: Ball
1-0: Called Strike
1-1: SINGLE (Line Drive, 9S)
Batting: RHB Sake van Arem 0-0: Called Strike
Arsenio Laurel steals 2nd base
0-1: Called Strike
0-2: SINGLE (Line Drive, 89S)
Arsenio Laurel to third
Runner from 3rd tries for Home, SAFE, throw made home
Sake van Arem to second
Batting: LHB Victor Adams 0-0: Called Strike
0-1: Swinging Strike
0-2: Ground out 4-3 (Groundball, 4)
Sake van Arem to third
Pinch Hitting: LHB Job Pels 0-0: Called Strike
0-1: Ball
1-1: Ball
2-1: Called Strike
2-2: Strikes out swinging
Bottom of the 8th over - 2 runs, 3 hits, 0 errors, 1 left on base; Kingston Township 1 - Las Vegas 13
TOP OF THE 9TH
Kingston Township Legion batting - Pitching for Las Vegas Flamingos : LHP Pedro Ortíz
Now at SS: Job Pels
Batting: RHB José Icaza 0-0: Ground out 5-3 (Groundball, 56)
Batting: RHB Júlio Rodríguez 0-0: Ball
1-0: Ball
2-0: Foul Ball, location: 2F
2-1: Ball
3-1: Foul Ball, location: 2F
3-2: Foul Ball, location: 2F
3-2: Ground out 5-3 (Groundball, 56)
Batting: LHB Mike Gardner 0-0: Swinging Strike
0-1: Foul Ball, location: 2F
0-2: Ball
1-2: Ball
2-2: Strikes out looking
Top of the 9th over - 0 runs, 0 hits, 0 errors, 0 left on base; Kingston Township 1 - Las Vegas 13
Tuesday, December 19th, 2017 - OOTP Baseball 18.8 Build 76